 Dungeon Crawl Stone Soup version 0.25-a0-42-g6c54e25894 (webtiles) character file.

Game seed: 2124728237703075384, levelgen mode: deterministic

27 Arixos the Conjurer (level 2, 0/12 HPs)
             Began as a Felid Conjurer on Oct 23, 2019.
             Slain by a scorpion (8 damage)
             ... on level 2 of the Dungeon.
             The game lasted 00:05:12 (2132 turns).

Arixos the Conjurer (Felid Conjurer)                Turns: 2132, Time: 00:05:13

Health: 0/12       AC:  1    Str:  4    XL:     2   Next: 93%
Magic:  3/6        EV: 18    Int: 16    God:
Gold:   94         SH:  0    Dex: 16    Spells: 4/5 levels left
                                        Lives:  0   Deaths: 0

rFire    . . .     SeeInvis +   (weapon unavailable)
rCold    . . .     Gourm    .   (shield unavailable)
rNeg     . . .     Faith    .   (armour unavailable)
rPois    .         Spirit   .   (helmet unavailable)
rElec    .         Reflect  .   (cloak unavailable)
rCorr    .         Harm     .   (gloves unavailable)
MR       .....                  (boots unavailable)
Stlth    +++.......             (no amulet)
HPRegen  0.04/turn              (no ring)
MPRegen  0.10/turn              (no ring)

@: lethally poisoned (0 -> -12), very slightly contaminated, quick
A: very small, no armour, no weapons or thrown items, stealth, claws 1, fangs 3,
see invisible, carnivore, speed 1, shaggy fur 1, slow metabolism 1, sharp paws
a: no special abilities


You were on level 2 of the Dungeon.
You were very full.

You visited 1 branch of the dungeon, and saw 2 of its levels.

You collected 94 gold pieces.

Inventory:

Jewellery
 d - an uncursed ring of protection from cold {unknown}
Scrolls
 c - a scroll of amnesia {unknown}
Potions
 a - 2 potions of curing {unknown}
 e - a potion of heal wounds {unknown}
Comestibles
 b - 4 rations


   Skills:
 + Level 1.1 Fighting
 + Level 3.2 Dodging
 - Level 2.6 Stealth
 + Level 2.3 Spellcasting
 + Level 3.8 Conjurations


You had 4 spell levels left.
You knew the following spells:

 Your Spells              Type           Power        Failure   Level  Hunger
a - Magic Dart            Conj           ##..         4%          1    #......

Your spell library contained the following spells:

 Spells                   Type           Power        Failure   Level  Hunger
 Searing Ray              Conj           ##....       6%          2    ###....
 Dazzling Spray           Conj/Hex       #.....       26%         3    ###....
 Iskenderun's Mystic Bla  Conj           ##......     38%         4    #####..
 Force Lance              Conj/Tloc      #.......     65%         4    #####..
 Fulminant Prism          Conj/Hex       #.........   65%         4    #####..


Dungeon Overview and Level Annotations

Branches:
Dungeon (2/15)

Altars:


Innate Abilities, Weirdness & Mutations

You cannot wear armour.
You are incapable of wielding weapons or throwing items.
Your paws allow you to move quietly. (Stealth)
You have sharp claws.
You have razor-sharp teeth.
You have supernaturally acute eyesight. (SInv)
You are carnivorous and can eat meat at any time.
You cover ground quickly.
You are covered in fur. (AC +1)
You have a slow metabolism.
Your sharp claws are effective at attacking unaware monsters.


Message History

The scorpion poisons you!
You feel sick.
Casting: Magic Dart (safe; 4% risk of failure)
Confirm with . or Enter, or press ? or * to list all spells.
Aiming: Magic Dart (safe; 4% risk of failure)
Press: ? - help, Shift-Dir - straight line, f/p - scorpion
Aim: a scorpion (heavily wounded)
You miscast Magic Dart.
You are very lightly contaminated with residual magic.
Nothing appears to happen.
You feel sick. The scorpion misses you.
Casting: Magic Dart (safe; 4% risk of failure)
Confirm with . or Enter, or press ? or * to list all spells.
Aiming: Magic Dart (safe; 4% risk of failure)
Press: ? - help, Shift-Dir - straight line, f/p - scorpion
Aim: a scorpion (heavily wounded)
The magic dart hits the scorpion.
The scorpion is heavily wounded.
You feel sick. The scorpion stings you!
Ouch! That really hurt!
You die...

#############
#...........#
#####...........######
###....................#
...................###.#
...................# #.#
.$.....s......<....# #.#
.....##@..........####'#
.... +................>.
... #####.#......##....
.. #.#########.... . .
#.# #....
..#####'#########....
..............^##....
...............##....
...............##....


You could see a scorpion.

Vanquished Creatures
  A worm (D:2)
  A dart slug (D:1)
  A giant cockroach (D:1)
  2 hobgoblins
  2 jackals
  A ball python (D:2)
  3 bats
  3 frilled lizards
  3 goblins (D:1)
  4 kobolds
  4 rats
25 creatures vanquished.

Notes
Turn   | Place    | Note
-------+----------+-------------------------------------------
     0 | D:1      | Arixos the Felid Conjurer began the quest for the Orb.
     0 | D:1      | Reached XP level 1. HP: 7/7 MP: 4/4
   567 | D:1      | Reached XP level 2. HP: 8/12 MP: 0/6
  1367 | D:1      | Reached skill level 1 in Fighting
  1452 | D:2      | Noticed a scorpion
  2132 | D:2      | Slain by a scorpion

Levels and vault maps discovered:
D:1:      minmay_arrival_stone_box, layout_loops_corners
D:2:      layout_basic

Skill      XL: |  1  2 |
---------------+-------+-----
Dodging        | 3 |  3.2
Fighting       | 1 |  1.1
Stealth        | |  2.6
Spellcasting   | |  2.3
Conjurations   | |  3.8

Action                   || total
-------------------------++-------
Melee: Unarmed           ||    48
       Bite              ||     5
 Cast: Magic Dart        ||    62
 Stab: Sleeping          ||     5
  Eat: Chunk             ||     8
Armor: Skin              ||     5
Dodge: Dodged            ||    63

Table legend:
 A = Non-vault XP
 B = Vault XP
 C = Vault XP percentage of total XP
 D = Non-vault monster count
 E = Vault monster count
 F = Vault count percentage of total count
                 A         B        C        D         E       F
            +---------+---------+-------+---------+---------+-------
      Total |      39 |       0 |   0.0 |      25 |       0 |   0.0
            +---------+---------+-------+---------+---------+-------
        D:1 |      24 |       0 |   0.0 |      16 |       0 |   0.0
        D:2 |      15 |       0 |   0.0 |       9 |       0 |   0.0
            +---------+---------+-------+---------+---------+-------
